Map: Hardwire LE

Players

WutangBoogie

  • Race: Terran Terran
  • League: Platinum

BuzzKill - Winner!

  • Race: Terran Terran
  • League: Platinum

VOD

Have the link to the VOD?

Description

Time

  • Played on: Jan. 30, 2022, 9:19 p.m.
  • Length: 21:42
Show
View Real Time Build Order
Export as new Build Order

WutangBoogie Terran 

Build Orders: Reaper Expand 

Get SALT Encoding   

  12  0:00  SCV  
  13  0:12  SCV  
  14  0:17  Supply Depot  
  14  0:25  SCV  
  15  0:38  SCV  
  15  0:40  Barracks  
  16  0:44  Refinery  
  16  0:51  SCV  
  17  1:03  SCV  
  18  1:15  SCV  
  19  1:29  Reaper, Orbital Command  
  20  1:49  Command Center  
  20  1:58  SCV  
  21  2:10  Marine  
  21  2:12  SCV  
  23  2:16  Supply Depot  
  23  2:37  Refinery  
  23  2:38  SCV  
  24  2:44  Bunker  
  24  2:45  Barracks Reactor  
  24  2:46  Factory  
  24  2:50  SCV  
  25  3:02  SCV  
  26  3:06  Barracks  
  26  3:09  Orbital Command  
  26  3:11  Supply Depot  
  26  3:23  Marine, SCV  
  26  3:24  Marine  
  29  3:35  Supply Depot, SCV  
  29  3:40  Factory Tech Lab  
  30  3:43  Starport  
  30  3:48  Marine x2  
  30  3:49  SCV  
  30  3:50  SCV  
  33  3:58  Supply Depot  
  33  4:00  Barracks Tech Lab  
  33  4:02  Siege Tank  
  36  4:03  SCV x2  
  36  4:06  Marine  
  36  4:09  Marine  
  40  4:15  SCV x2  
  42  4:19  Supply Depot  
  42  4:22  Stimpack  
  42  4:24  Marine  
  42  4:27  SCV  
  42  4:28  SCV  
  42  4:31  Marine x2  
  45  4:32  Starport Reactor  
  47  4:39  SCV  
  47  4:40  Supply Depot, SCV  
  49  4:48  Command Center  
  49  4:52  SCV x2  
  51  4:53  Marine  
  51  4:54  Refinery  
  52  5:04  SCV x2  
  52  5:06  Marine  
  52  5:07  Marine, Supply Depot, Siege Tank  
  59  5:14  Viking  
  59  5:16  SCV  
  59  5:17  SCV  
  59  5:20  Viking  
  59  5:21  Marine  
  65  5:26  Marine  
  65  5:27  Marine  
  65  5:28  SCV  
  69  5:29  SCV  
  69  5:32  Engineering Bay  
  70  5:40  Engineering Bay, SCV  
  70  5:41  SCV  
  72  5:43  Marine  
  72  5:44  Siege Tank  
  72  5:46  Viking  
  78  5:53  SCV  
  79  5:59  Refinery  
  79  6:03  SCV  
  79  6:04  Orbital Command  
  80  6:05  Marine x2  
  80  6:06  Marauder  
  80  6:07  Viking  
  80  6:11  SCV  
  87  6:15  SCV  
  87  6:17  Starport  
  88  6:22  Combat Shield  
  88  6:23  Orbital Command, SCV  
  89  6:27  SCV  
  90  6:41  SCV x2  
  90  6:43  Marine x2  
  90  6:44  Siege Tank  
  90  6:45  Viking  
  99  6:52  Marauder  
  99  6:53  Viking, SCV x2  
  105  6:54  Starport Tech Lab  
  105  6:55  SCV  
  105  7:00  Refinery  
  106  7:04  Marine x2  
  106  7:05  SCV  
  109  7:10  Supply Depot  
  109  7:11  Supply Depot  
  109  7:13  Supply Depot  
  109  7:18  Terran Infantry Weapons Level 1, Terran Infantry Armor Level 1  
  109  7:26  Barracks  
  109  7:32  SCV x3  
  109  7:36  Barracks  
  112  7:37  Raven  
  112  7:40  Marine x2  
  112  7:41  Marauder  
  112  7:42  Medivac, Barracks  
  112  7:43  Barracks  
  112  7:44  SCV x3  
  123  7:52  Refinery  
  123  7:54  Supply Depot  
  123  7:56  SCV x3  
  123  7:57  Supply Depot  
  126  8:05  Viking  
  128  8:08  Siege Tank, SCV x2  
  133  8:13  Factory  
  133  8:14  Supply Depot  
  133  8:16  SCV  
  133  8:17  Supply Depot  
  134  8:28  Barracks Tech Lab  
  134  8:29  Barracks Reactor  
  134  8:31  Command Center, Raven  
  136  8:34  Medivac  
  136  8:35  Viking  
  136  8:36  Marine x2  
  136  8:37  Marauder  
  144  8:43  Barracks Reactor, Barracks Tech Lab  
  144  8:46  SCV x2  
  146  8:50  Supply Depot x2  
  146  8:52  Armory  
  146  8:54  SCV  
  147  8:56  Marine  
  147  8:57  Marine x2  
  147  8:58  Marauder, SCV x2  
  147  9:02  Armory  
  154  9:05  Marine x3  
  157  9:14  Marine x2, Medivac, Viking  
  157  9:15  Marauder  
  165  9:17  Corvid Reactor  
  165  9:19  Marauder  
  167  9:32  Marine  
  167  9:33  Marauder, Factory Tech Lab  
  167  9:35  Siege Tank, Command Center  
  167  9:36  Reaper  
  167  9:37  Marauder  
  176  9:41  Marauder  
  178  9:56  Command Center  
  178  9:57  Marine  
  178  9:58  Marine x3  
  178  9:59  Marine, Marauder x2  
  187  10:02  Marine  
  188  10:08  Marine  
  188  10:10  Siege Tank x2  
  195  10:15  Marine  
  196  10:22  Supply Depot  
  196  10:24  Supply Depot x2  
  196  10:25  Marine x4  
  200  10:31  Barracks  
  200  11:37  Viking  
  200  11:38  Marine  
  200  11:39  Marine x2  
  153  11:49  Marine x5  
  153  11:50  Marine  
  153  11:51  Siege Tank x2  
  153  11:52  Medivac, Viking  
  164  11:56  Marine  
  164  12:01  Marine  
  164  12:02  Marine  
  164  12:07  Marine x4  
  164  12:08  Marauder x2  
  170  12:14  Marauder  
  170  12:19  Marine x2  
  172  12:24  Siege Tank x2  
  172  12:25  Marine x4  
  172  12:29  Marine, Marauder  
  138  13:18  Marine x2  
  138  13:19  Marine x6, Marauder  
  120  13:20  Medivac, Siege Tank x2  
  120  13:21  Medivac, Raven  
  130  13:32  SCV x2  
  133  13:34  SCV x2  
  133  13:36  Marine  
  133  13:37  Marauder x2  
  133  13:41  Marauder  
  141  13:43  Marine x5  
  141  13:44  SCV  
  147  13:50  Marine  
  147  13:54  Marine  
  149  13:56  Planetary Fortress  
  149  13:58  Marauder x2  
  149  14:00  Refinery  
  149  14:01  Marine x5  
  158  14:03  Marine  
  158  14:04  Refinery  
  158  14:08  Marine  
  158  14:09  Barracks  
  160  14:14  Barracks  
  160  14:15  Marine  
  160  14:16  Siege Tank x2  
  167  14:17  Medivac x2, Starport, Raven  
  167  14:18  Barracks  
  167  14:19  Marine x3, Factory  
  167  14:20  Marauder x2  
  167  14:24  Marine x2  
  161  14:49  Medivac x2  
  161  14:50  Marine x2  
  161  14:51  Marine, Marauder x3  
  163  15:00  Raven  
  164  15:12  Marauder x3  
  165  15:16  Viking  
  165  15:19  Viking x2  
  170  15:41  Marine x10  
  174  15:43  Viking  
  174  15:46  Viking  
  174  15:49  Viking x2  
  182  15:59  Marine x6  
  155  16:13  Marine, Viking  
  155  16:14  Marine x3  
  155  16:16  Marine, Viking  
  155  16:17  Marine x5  
  155  16:19  Viking x2  
  157  16:30  SCV x2  
  157  16:31  Marine  
  157  16:32  Marine x2  
  162  16:40  Marine x7  
  162  16:41  Siege Tank x2  
  162  16:43  Viking  
  162  16:46  Viking  
  179  16:49  Marine x3, Viking  
  182  16:55  Viking  
  182  16:57  Marine  
  182  16:58  Marine x3  
  185  17:01  Marine  
  185  17:04  Factory Tech Lab  
  183  17:12  Viking  
  183  17:13  Siege Tank x2  
  170  17:16  Viking  
  170  17:19  Viking  
  119  17:45  Siege Tank  
  119  17:46  Marine x10  
  119  17:48  Medivac x2, Siege Tank x2, Viking  
  127  17:59  Viking  
  127  18:04  Marine x7  
  128  18:06  Marine x3  
  128  18:07  Terran Infantry Armor Level 2, Terran Infantry Weapons Level 2  
  128  18:09  Terran Vehicle Weapons Level 1  
  131  18:18  Viking x2, Raven  
  136  18:21  Marine  
  136  18:22  Marine x6  
  136  18:24  Marine  
  141  18:29  Viking  
  143  18:36  Orbital Command  
  143  18:38  Marine x2  
  143  18:39  Marine x2  
  147  18:44  Marine  
  148  18:48  Viking x2  
  152  18:56  Siege Tank  
  108  19:29  Marine x10  
  116  19:47  Marine x2  
  112  19:56  Marine x8  
  84  20:04  Marine  
  84  20:05  Marine  
  82  20:13  Marine  
  82  20:14  Marine x6  
  85  20:15  Marine  
  85  20:20  Refinery  
  90  20:22  Marine x2  
  90  20:26  Orbital Command  
  92  20:31  Marine x2  
  80  20:48  Marine x5  
  80  20:49  Marine x4  
  78  20:56  Marine  
  76  21:06  Marine x8  
  76  21:07  Marine  
  80  21:14  Marine  
  66  21:24  Marine  
Show
View Real Time Build Order
Export as new Build Order

BuzzKill Terran - Winner!

Build Orders:  

Get SALT Encoding   

  12  0:00  SCV  
  13  0:12  SCV  
  14  0:18  Supply Depot  
  14  0:24  SCV  
  15  0:40  SCV  
  15  0:42  Barracks  
  16  0:50  Refinery  
  16  0:52  SCV  
  17  1:04  SCV  
  18  1:16  SCV  
  19  1:34  Marine  
  19  1:35  Command Center  
  20  1:42  Supply Depot  
  20  1:53  Marine  
  21  1:57  Orbital Command  
  21  2:15  Factory  
  21  2:17  Barracks Reactor  
  22  2:30  SCV  
  22  2:41  Barracks  
  22  2:42  SCV  
  23  2:46  Refinery  
  23  2:54  SCV  
  23  2:55  Marine x2  
  23  2:57  Orbital Command  
  25  3:06  SCV  
  25  3:12  Factory Tech Lab  
  26  3:18  SCV  
  27  3:20  Starport  
  27  3:22  Marine  
  27  3:23  Marine  
  29  3:30  Barracks Tech Lab, SCV  
  30  3:40  Marine  
  30  3:41  Marine  
  32  3:49  SCV x2  
  32  3:54  Supply Depot  
  34  3:59  Starport Reactor  
  34  4:01  SCV x2  
  36  4:05  Supply Depot  
  36  4:07  Siege Tank  
  39  4:13  Marine, SCV x2  
  39  4:14  Marine  
  39  4:16  Marine  
  44  4:25  SCV x2  
  46  4:31  Marine, Command Center  
  46  4:35  Supply Depot  
  46  4:36  Marine  
  48  4:39  Marine  
  48  4:41  SCV  
  48  4:44  SCV  
  51  4:49  Medivac  
  53  4:54  Siege Tank  
  56  5:00  Supply Depot  
  56  5:01  Marine x3  
  56  5:06  Combat Shield  
  59  5:10  Medivac  
  59  5:11  SCV x2  
  63  5:19  Marine  
  64  5:23  Marine, SCV  
  64  5:24  Marine, SCV  
  64  5:27  Medivac  
  70  5:35  SCV  
  70  5:36  Marine, SCV  
  70  5:41  Marine  
  70  5:42  Marine  
  75  5:45  Supply Depot x2  
  75  5:48  Orbital Command  
  75  5:54  Supply Depot  
  75  6:02  Refinery  
  75  6:03  Refinery  
  75  6:05  Marine x3  
  75  6:08  Supply Depot  
  75  6:10  Supply Depot  
  78  6:13  Medivac  
  78  6:14  Medivac  
  78  6:16  Supply Depot  
  82  6:19  Orbital Command  
  82  6:25  Stimpack  
  82  6:33  Siege Tank  
  85  6:41  Supply Depot  
  85  6:45  Command Center  
  85  6:48  SCV x3  
  85  6:50  Marine  
  89  7:00  SCV x3  
  92  7:04  Marine x2  
  92  7:08  Marine  
  95  7:09  Siege Tank  
  95  7:12  SCV  
  95  7:13  SCV x2  
  101  7:22  Marine x2  
  103  7:24  SCV  
  103  7:25  SCV x2  
  103  7:26  Marine  
  103  7:28  Engineering Bay  
  103  7:29  Engineering Bay  
  107  7:36  SCV  
  108  7:39  Marine  
  108  7:40  Marine, Barracks  
  108  7:41  Barracks  
  108  7:42  Barracks  
  108  7:43  Marine  
  111  7:44  Medivac  
  111  7:45  Medivac  
  115  7:55  SCV x3  
  115  7:57  Marine x2  
  121  7:59  Barracks  
  121  8:01  Marine  
  121  8:07  SCV x2  
  121  8:08  SCV  
  121  8:09  Command Center  
  124  8:15  Marine x2  
  124  8:17  Armory  
  124  8:18  Terran Infantry Weapons Level 1, Terran Infantry Armor Level 1  
  124  8:19  Marine, SCV x2  
  129  8:20  SCV  
  129  8:23  Supply Depot  
  129  8:25  Supply Depot x2  
  129  8:26  Supply Depot  
  130  8:27  Concussive Shells  
  130  8:28  Barracks Tech Lab  
  130  8:33  Marine x2  
  132  8:47  Barracks Reactor, Refinery  
  132  8:48  Barracks Reactor, Refinery  
  132  8:52  Barracks  
  132  8:53  Barracks Reactor, Barracks  
  132  8:54  Planetary Fortress  
  132  8:56  SCV x3  
  132  8:58  Marine x4  
  139  9:08  SCV x3  
  142  9:12  Terran Vehicle Weapons Level 1  
  142  9:16  Marine x3  
  145  9:19  Starport  
  145  9:20  Starport, SCV x3  
  148  9:25  SCV  
  149  9:32  SCV x3  
  149  9:34  Factory  
  149  9:35  Factory  
  149  9:36  Supply Depot  
  153  9:44  SCV  
  153  9:51  Barracks Reactor, Command Center  
  153  9:52  Barracks Tech Lab  
  153  9:53  Marine x7  
  153  9:54  Marine x3  
  153  9:58  Supply Depot  
  163  10:03  SCV x4  
  167  10:10  Barracks  
  167  10:11  Marine x11  
  167  10:14  Starport Tech Lab, Barracks  
  178  10:15  Starport Reactor, SCV x2  
  178  10:20  Factory Tech Lab x2  
  180  10:22  Missile Turret  
  180  10:25  Planetary Fortress  
  180  10:27  Marine x2  
  182  10:29  Marine x11  
  193  10:38  Terran Infantry Weapons Level 2  
  193  10:41  Terran Infantry Armor Level 2  
  193  10:43  Supply Depot  
  193  10:45  Marine x2  
  193  10:47  Marine x5, Refinery  
  200  10:50  Refinery  
  200  11:06  Supply Depot  
  188  11:44  Marine  
  188  11:45  Marine x14  
  143  11:47  Viking  
  143  11:48  Viking x4  
  121  11:57  Missile Turret  
  120  12:02  Marine x5  
  120  12:03  Marine x10  
  118  12:17  Viking  
  118  12:18  Viking x4  
  118  12:20  Marine x10  
  118  12:21  Marine x5  
  139  12:25  Siege Tank x3  
  139  12:29  Supply Depot  
  146  12:30  Supply Depot  
  141  12:38  Marine x10  
  151  12:44  Marine x5  
  151  12:47  Viking  
  151  12:48  Viking x2  
  159  12:51  Viking x2  
  159  12:56  Marine x9  
  159  12:57  Siege Tank x3  
  160  13:17  Medivac, Viking  
  160  13:18  Medivac  
  157  13:21  Medivac, Viking  
  157  13:23  Marine  
  157  13:24  Marine x14  
  176  13:29  Siege Tank  
  176  13:30  Siege Tank x2  
  185  13:45  Command Center  
  185  13:48  Medivac x3  
  185  13:51  Medivac x2  
  195  14:18  Medivac  
  197  14:32  Command Center  
  157  14:56  Marine x11  
  157  14:57  Marine x4  
  172  15:05  Medivac  
  172  15:06  Medivac  
  176  15:14  Marine x15  
  191  15:25  SCV x4  
  195  15:32  Marine x5  
  200  15:57  Planetary Fortress  
  200  15:58  Missile Turret  
  193  16:20  Missile Turret  
  193  16:22  SCV x4  
  193  16:25  Orbital Command  
  197  16:34  SCV x3  
  200  16:41  Missile Turret  
  191  17:25  Viking  
  191  17:26  Viking x4  
  141  17:45  Marine x11  
  141  17:46  Marine x4  
  138  18:03  Marine x15  
  151  18:21  Marine x15  
  166  18:29  Refinery  
  166  18:32  Refinery  
  166  18:38  Marine, Terran Infantry Weapons Level 3  
  166  18:39  Marine x14, Terran Infantry Armor Level 3  
  166  18:41  Command Center  
  181  18:52  Command Center  
  181  18:56  Marine x3  
  181  18:57  Marine x12  
  154  19:14  Marine x11  
  154  19:15  Marine x2  
  165  19:17  Siege Tank x2  
  161  19:29  Viking x4  
  161  19:30  Viking  
  165  19:49  Siege Tank x2  
  164  19:59  Viking x2  
  151  20:01  Factory Tech Lab  
  151  20:07  Viking x2  
  151  20:08  Viking  
  151  20:09  Orbital Command  
  157  20:21  Siege Tank x2  
  160  20:26  Marine x5  
  160  20:27  Marine x9  
  177  20:32  Planetary Fortress  
  167  20:47  Marine  
  167  20:48  Marine x9  
  177  20:53  Siege Tank  
  177  20:56  SCV x2  
  177  20:57  SCV  
  183  21:04  SCV  
  183  21:08  SCV  
  183  21:09  SCV x2  
  187  21:16  SCV  
  176  21:20  Marine x2, SCV  
  176  21:21  Marine x13  
Tags
 
Add a new tag
Caveats
  • Supply blocks, unpowered buildings, or Contaminate may cause inaccurate times.
  • Supply counts are checked every 10 seconds.